 Dungeon Sprint DCSS version 0.30.1-9-gdf580d7c3d (webtiles) character file.

Game seed: 11733509763459762148

45 Groucho the Ducker (level 3, -10/16 HPs)
             Began as a Felid Transmuter on Oct 18, 2023.
             Mangled by an ice beast (13 damage)
             ... in the Dungeon (Sprint IX: "|||||||||||||||||||||||||||||").
             The game lasted 00:00:25 (241 turns).

Groucho the Ducker (Felid Transmuter)                Turns: 241, Time: 00:00:27

Health: -10/16     AC:  1    Str:  8    XL:     3   Next: 42%
Magic:  7/8        EV: 19    Int: 14    God:
Gold:   0          SH:  0    Dex: 16    Spells: 7/8 levels left
                                        Lives:  0   Deaths: 0

rFire   . .          .
                       - Unarmed
rCold   . . .        (shield unavailable)
rNeg    . . .        (body armour unavailable)
rPois   .            (helmet unavailable)
rElec   .            (cloak unavailable)
rCorr   .            (gloves unavailable)
SInv    +            (boots unavailable)
Will    .....        (no amulet)
Stlth   +++          (no ring)
HPRegen 0.22/turn    (no ring)
MPRegen 0.11/turn

%: no teleportation
@: quick
A: very small, claws 1, fangs 3, see invisible, speed 1, shaggy fur 1, stealthy
paws, no weapons or thrown items, no armour, multi-lived
a: no special abilities


You were in the Dungeon.
You visited 1 branch

Inventory:

Scrolls
 g - a scroll of blinking
Potions
 a - a potion of lignification
 c - a potion of heal wounds
 d - a potion of haste
 e - 2 potions of magic
 f - a potion of berserk rage


   Skills:
 + Level 2.8 Fighting
 + Level 4.4 Dodging
 + Level 3.7 Stealth
 + Level 4.1 Unarmed Combat
 + Level 3.1 Spellcasting
 + Level 3.6 Transmutations


You had 7 spell levels left.
You knew the following spells:

 Your Spells              Type           Power      Damage    Failure   Level
a - Beastly Appendage     Tmut           24%        N/A       4%          1

Your spell library contained the following spells:

 Spells                   Type           Power      Damage    Failure   Level
 Wereblood                Tmut           12%        N/A       7%          2
 Spider Form              Tmut/Pois      7%         N/A       30%         3
 Ice Form                 Ice/Tmut       7%         N/A       69%         4


Dungeon Overview and Level Annotations

Branches:
Dungeon (1/1)

Altars:


Innate Abilities, Weirdness & Mutations

You have sharp claws.
You have razor-sharp teeth.
You have supernaturally acute eyesight. (SInv)
You cover ground quickly. (Speed+)
You are covered in fur. (AC +1)
Your paws help you pounce on unaware monsters.
You are incapable of wielding weapons or throwing items.
You cannot wear armour.
You gain extra lives every three experience levels.


Message History

You have reached level 3!
Your experience leads to an increase in your attributes!
Increase (S)trength, (I)ntelligence, or (D)exterity?
You feel stronger. x2
Unknown command.
Unknown command.
Unknown command.
You scratch the shadow imp but do no damage.
The shadow imp completely misses you.
You barely miss the shadow imp. Your bite misses the shadow imp.
The shadow imp misses you.
You scratch the shadow imp.
The shadow imp is severely wounded.
The shadow imp closely misses you.
You scratch the shadow imp but do no damage.
The shadow imp is heavily wounded.
The shadow imp misses you.
You barely miss the shadow imp.
The shadow imp is heavily wounded.
The shadow imp hits you.
* * * LOW HITPOINT WARNING * * *
You barely miss the shadow imp. You bite the shadow imp.
The shadow imp is severely wounded.
The shadow imp misses you.
You feel better. The shadow imp hits you.
You closely miss the shadow imp.
You bite the shadow imp, but do no damage.
The shadow imp is severely wounded.
The shadow imp barely misses you.
You claw the shadow imp!
You kill the shadow imp!
You scratch the ice beast but do no damage.
The ice beast misses you.
You scratch the ice beast.
The ice beast is lightly wounded.
The ice beast hits you.
* * * LOW HITPOINT WARNING * * *
The ice beast freezes you!
Ouch! That really hurt!
You die... ▓▓▓▓▓▓▓▓▓▓▓▓▓▓▓▓▓▓ ▓<...').÷.@Yo....+ ▓▓▓▓▓▓▓▓▓▓▓▓▓▓▓▓▓▓

You could see an ice beast and an orc.

Vanquished Creatures
  A hound (D)
  A shadow imp (D)
  A dart slug (D)
  An orc (D)
  2 endoplasms (D)
  A frilled lizard (D)
  A kobold (D)
8 creatures vanquished.

Notes
Turn   | Place    | Note
-------+----------+-------------------------------------------
     0 | D        | Groucho the Felid Transmuter began the quest for the Orb.
     0 | D        | Reached XP level 1. HP: 9/9 MP: 4/4
     9 | D        | Reached skill level 1 in Stealth
   217 | D        | Noticed a hound
   217 | D        | Noticed an ice beast
   223 | D        | Reached XP level 2. HP: 13/13 MP: 6/6
   231 | D        | Reached XP level 3. HP: 7/16 MP: 6/8
   241 | D        | Mangled by an ice beast

Illustrated notes

Levels and vault maps discovered:
D:        linesprint [early_d, line_temple, items_1, d_10, items_2, lair_1,
          lair_end, items_3, orc_1, orc_end, items_4, d_15, swamp_1, shoals_1,
          snake_1, spider_1, d_20, vaults_1, items_5, swamp_end, shoals_end,
          snake_end, spider_end, vaults_end, d_27, items_6, zot_1, zot_end,
          crypt_end, forest_end, elf_end, slime_end, tomb_end, abyss_end,
          pan_hell_end]

Skill      XL: |  1  2 |
---------------+-------+-----
Dodging        | 3 4 |  4.4
Stealth        | 1 3 |  3.7
Fighting       | 2 |  2.8
Unarmed Combat | 4 |  4.1
Spellcasting   | 3 |  3.1
Transmutations | 3 |  3.6

Action                     || total
---------------------------++-------
  Melee: Unarmed           ||    30
         Punch             ||     2
         Bite              ||     3
    Use: Potion            ||     1
   Stab: Sleeping          ||     1
  Dodge: Dodged            ||    21
